 Dungeon Crawl Stone Soup version 0.23.2-40-g277498a001 (webtiles) character file.

Game seed: 11324817552638286635

17032 Leekoo the Basher (level 12, -8/107 HPs)
             Began as a Minotaur Fighter on Sept 30, 2019.
             Was an Elder of Trog.
             Mangled by Jorgrun
             ... wielding a +0 quarterstaff of crushing
              (15 damage)
             ... on level 12 of the Dungeon.
             The game lasted 01:47:16 (15912 turns).

Leekoo the Basher (Minotaur Fighter)               Turns: 15912, Time: 01:47:17

Health: -8/107     AC: 14    Str: 25    XL:     12   Next: 15%
Magic:  0/11       EV:  5    Int:  5    God:    Trog [****..]
Gold:   753        SH: 22    Dex: 14    Spells: 11/11 levels left

rFire    + + +     SeeInvis .   b - +0 morningstar
rCold    + . .     Gourm    .   p - +2 large shield
rNeg     + . .     Faith    .   y - +6 ring mail "Ycwoloch" {*Drain rF++ Dex+3}
rPois    .         Spirit   +   (helmet restricted)
rElec    .         Reflect  .   E - scarf {rC+ rF+}
rCorr    .         Harm     .   (no gloves)
MR       .....                  l - +0 pair of boots
Stlth    +.........             B - amulet of guardian spirit
HPRegen  0.27/turn              w - ring of positive energy
MPRegen  0.12/turn              I - +1 ring of slaying

@: grasped by roots, berserk cooldown, very slightly contaminated, slowed,
constricted, very slow
A: retaliatory headbutt, horns 2
a: Berserk, Trog's Hand, Brothers in Arms, Renounce Religion


You were on level 12 of the Dungeon.
You worshipped Trog.
Trog was greatly pleased with you.
You were near starving.

You visited 1 branch of the dungeon, and saw 12 of its levels.

You collected 781 gold pieces.
You spent 28 gold pieces at shops.

Inventory:

Hand Weapons
 b - a +0 morningstar (weapon)
 G - a +2 antimagic hand axe
Missiles
 c - 24 tomahawks (quivered)
 k - 4 throwing nets
Armour
 a - a +0 plate armour of positive energy
 l - a +0 pair of boots (worn)
 p - a +2 large shield (worn)
 y - the +6 ring mail "Ycwoloch" (worn) {*Drain rF++ Dex+3}
   (You found it on level 12 of the Dungeon)

   It affects your dexterity (+3).
   It greatly protects you from fire.
   It causes draining when unequipped.
 E - a scarf of resistance (worn)
 H - a +1 chain mail of fire resistance
Jewellery
 o - an uncursed ring of flight
 w - a ring of positive energy (left hand)
 B - an amulet of guardian spirit (around neck)
 D - a +3 ring of evasion
 I - a +1 ring of slaying (right hand)
Wands
 q - a wand of iceblast (22)
 u - a wand of polymorph (11)
 C - a wand of disintegration (20)
 K - a wand of flame (22)
Scrolls
 g - 3 scrolls of teleportation
 h - a scroll of identify
 m - 3 scrolls of fog
 r - a scroll of random uselessness {unknown}
 s - a scroll of blinking
 x - a scroll of magic mapping {unknown}
 z - 4 scrolls of remove curse
 A - a scroll of amnesia {unknown}
 L - a scroll of noise {unknown}
Potions
 d - 5 potions of might
 e - a potion of mutation
 i - 4 potions of flight
 j - a potion of agility
 t - a potion of berserk rage {unknown}
 v - a potion of degeneration {unknown}
Comestibles
 f - 27 rations


   Skills:
 + Level 10.4 Fighting
 * Level 13.7 Maces & Flails
 + Level 10.5 Armour
 * Level 13.6 Shields


You had 11 spell levels left.
You didn't know any spells.
Your spell library was empty.

Dungeon Overview and Level Annotations

Branches:
Dungeon (12/15)            Temple (0/1) D:4            Lair (0/6) D:9
    Orc (0/2) D:11

Altars:
Dithmenos
Makhleb
Okawaru
Ru
Trog
Yredelemnul
Zin
Beogh

Shops:
D:6 =   D:10 !:(=*   D:12 ?

Annotations:
D:10 3 runed translucent doors, MisterOstroum's ghost, journeyman TrBe
D:11 2 transporters, exclusion: downstairs, Gandalf's ghost, journeyman GrFi
D:12 exclusion: manticore, Jorgrun; Snorg


Innate Abilities, Weirdness & Mutations

You reflexively headbutt those who attack you in melee.
You have a pair of horns on your head.


Message History

Your deep troll barely misses Jorgrun.
Your deep troll closely misses Jorgrun. x2; Your deep troll claws Jorgrun!
The orc priest calls down the wrath of Beogh upon you.
Pain shoots through your body!
* * * LOW HITPOINT WARNING * * *
Jorgrun points at you and mumbles some strange words.
Roots burst forth from the earth!
The grasping roots grab you!
* * * LOW HITPOINT WARNING * * *
The grasping roots constrict you!
Your deep troll completely misses Jorgrun.
Your deep troll closely misses Jorgrun.
Your deep troll claws Jorgrun!
You feel better.
Your deep troll closely misses Jorgrun.
Your deep troll barely misses Jorgrun.
Your deep troll misses Jorgrun.
Jorgrun casts a spell past your deep troll.
The wall shatters!
The blast of rock fragments hits your deep troll!!
The blast of rock fragments hits you!!
* * * LOW HITPOINT WARNING * * *
You die...

#.......##....#..#
#.......###...#..#
#.......# ##.....#####
#.......# #.#([.......
#.......###.#.$...(...
#............).........
...(..o............
...................
......#.#@........
.....#.T.......... ###.
##g..(.....## #
##.#......####
##..#.......##
#.#...8...8..##
##.#............#
........).......#
.......<.....>..#


You could see Jorgrun, an orc priest and a friendly deep troll (berserk).

Vanquished Creatures
  Erolcha (D:9)
  3 two-headed ogres
  Pikel (D:9)
  A manticore (D:11)
  Maurice (D:9)
  2 centaur skeletons (D:9)
  4 gargoyles (D:10)
  A komodo dragon (D:9)
  2 trolls
  Prince Ribbit (D:5)
  6 hippogriffs
  Sigmund (D:2)
  A vampire (D:11)
  6 yaks
  2 wraiths
  A wyvern (D:10)
  A hungry ghost (D:11)
  2 steam dragons (D:11)
  Menkaure (D:6)
  3 water moccasins
  A warg (D:10)
  10 orc warriors
  7 phantoms
  3 sky beasts
  A slave (D:9)
  An eye of draining (D:9)
  4 ice beasts
  8 centaurs
  8 ogres
  4 big kobolds
  2 elf zombies (D:7)
  5 bullfrogs
  A gnoll sergeant (D:10)
  A wyvern skeleton (D:6)
  A troll zombie (D:7)
  6 killer bees (D:7)
  3 wights (D:10)
  4 howler monkeys
  6 crimson imps
  5 bullfrog zombies
  2 centaur zombies (D:8)
  4 jellies
  7 hounds
  5 human zombies (D:7)
  5 orc priests
  3 iguanas
  Jessica (D:2)
  13 orc wizards
  15 worker ants
  A hound zombie (D:8)
  3 mummies (D:7)
  2 worker ant zombies
  12 gnolls
  11 adders
  5 shadow imps
  3 oozes
  4 adder skeletons
  3 worms
  4 leopard geckos (D:6)
  72 orcs
  3 giant cockroaches
  12 goblins
  6 hobgoblins
  31 kobolds
  9 quokkas
  4 ball pythons
  3 bats
  6 frilled lizards
  A jackal skeleton (D:7)
  2 leopard gecko skeletons
  A quokka skeleton (D:4)
  5 rats
380 creatures vanquished.

Vanquished Creatures (others)
  A necrophage (D:9)
  An orc wizard (D:8)
  3 orcs
  A plant (D:9)
6 creatures vanquished.

Grand Total: 386 creatures vanquished

Notes
Turn   | Place    | Note
-------+----------+-------------------------------------------
     0 | D:1      | Leekoo the Minotaur Fighter began the quest for the Orb.
     0 | D:1      | Reached XP level 1. HP: 19/19 MP: 0/0
   112 | D:1      | Reached XP level 2. HP: 27/27 MP: 1/1
   554 | D:2      | Reached XP level 3. HP: 31/33 MP: 2/2
   948 | D:2      | Noticed Jessica
   950 | D:2      | Killed Jessica
  1187 | D:2      | Reached XP level 4. HP: 34/40 MP: 3/3
  1357 | D:2      | Noticed Sigmund
  1435 | D:2      | Killed Sigmund
  1435 | D:2      | Reached skill level 5 in Maces & Flails
  1435 | D:2      | Reached XP level 5. HP: 9/47 MP: 4/4
  1843 | D:2      | Found a sacrificial altar of Ru.
  1957 | D:2      | Found a bloodstained altar of Trog.
  2062 | D:2      | Became a worshipper of Trog the Wrathful
  2418 | D:3      | Noticed a phantom
  2670 | D:3      | Killed a phantom
  2670 | D:3      | Reached skill level 5 in Fighting
  2670 | D:3      | Reached skill level 5 in Armour
  2670 | D:3      | Reached skill level 5 in Shields
  2670 | D:3      | Reached XP level 6. HP: 48/56 MP: 5/5
  3066 | D:3      | Found a burning altar of Makhleb.
  3626 | D:4      | Reached XP level 7. HP: 61/61 MP: 6/6
  3670 | D:5      | Entered Level 5 of the Dungeon
  3752 | D:4      | Found a staircase to the Ecumenical Temple.
  4191 | D:5      | Noticed Prince Ribbit
  4202 | D:5      | Killed Prince Ribbit
  4202 | D:5      | Reached * piety under Trog
  4807 | D:5      | Noticed a troll
  4820 | D:5      | Killed a troll
  4820 | D:5      | Reached XP level 8. HP: 70/70 MP: 7/7
  5227 | D:5      | Reached ** piety under Trog
  5889 | D:6      | Found Qasaupp's Jewellery Emporium.
  5936 | D:6      | Noticed Menkaure
  5955 | D:6      | Killed Menkaure
  5955 | D:6      | Reached XP level 9. HP: 78/78 MP: 8/8
  6650 | D:6      | Found a shadowy altar of Dithmenos.
  7288 | D:7      | Reached *** piety under Trog
  7437 | D:7      | Found a basalt altar of Yredelemnul.
  7532 | D:7      | Reached skill level 10 in Maces & Flails
  7558 | D:7      | Found an iron altar of Okawaru.
  7813 | D:7      | Reached skill level 10 in Shields
  8612 | D:7      | Reached XP level 10. HP: 72/88 MP: 9/9
  9246 | D:8      | Reached **** piety under Trog
  9341 | D:8      | Found a glowing silver altar of Zin.
  9386 | D:8      | Noticed a two-headed ogre
  9391 | D:8      | Killed a two-headed ogre
  9946 | D:8      | Noticed a two-headed ogre
 10302 | D:8      | Killed a two-headed ogre
 10644 | D:9      | Reached XP level 11. HP: 97/97 MP: 1/10
 10660 | D:10     | Entered Level 10 of the Dungeon
 10660 | D:10     | Found Dyaluan's Jewellery Emporium.
 10801 | D:9      | Noticed Pikel
 10816 | D:9      | Killed Pikel
 10816 | D:9      | Reached ***** piety under Trog
 11080 | D:9      | Found a staircase to the Lair.
 11260 | D:9      | Noticed Maurice
 11377 | D:9      | Killed Maurice
 11502 | D:9      | Noticed Erolcha
 11511 | D:9      | Killed Erolcha
 12568 | D:10     | Found Hehujeer's Weapon Shop.
 12584 | D:10     | Found Buleuh's General Store.
 12587 | D:10     | Bought a scroll of identify for 28 gold pieces
 12607 | D:10     | Received a gift from Trog
 12610 | D:10     | Got a smoking arbalest {god gift}
 12667 | D:10     | Found Jan Aloajili's Book Shop.
 12903 | D:10     | Found a runed translucent gate.
 12903 | D:10     | Found a runed translucent gate.
 12904 | D:10     | Found a runed translucent gate.
 12904 | D:10     | Noticed MisterOstroum's ghost (journeyman TrBe)
 12906 | D:10     | Identified the cursed +2 short sword of Untruth {freeze,
                  | rF+ MR+ Dex-2}
 12907 | D:10     | Found a roughly hewn altar of Beogh.
 12909 | D:10     | Found the +0 Maxwell's etheric cage {RegenMP+ *Contam rElec
                  | MP+4}
 13019 | D:10     | Found Tyremot Vify's Distillery.
 13331 | D:10     | Reached skill level 10 in Armour
 13360 | D:11     | Found a staircase to the Orcish Mines.
 13381 | D:11     | Reached skill level 10 in Fighting
 13405 | D:11     | Found a transporter.
 13405 | D:11     | Noticed Gandalf's ghost (journeyman GrFi)
 13762 | D:11     | Found a transporter.
 13879 | D:11     | Noticed a two-headed ogre
 13883 | D:11     | Killed a two-headed ogre
 14439 | D:11     | Reached XP level 12. HP: 101/106 MP: 11/11
 14516 | D:12     | Got a ruby-encrusted ring mail
 14523 | D:12     | Noticed Jorgrun
 14570 | D:11     | Identified the +6 ring mail "Ycwoloch" {*Drain rF++ Dex+3}
                  | (You found it on level 12 of the Dungeon)
 14576 | D:12     | Found Laphanui's Magic Scroll Emporium.
 14576 | D:12     | Noticed Snorg
 15907 | D:12     | HP: 2/107 [orc priest/divine providence (12)]
 15912 | D:12     | Mangled by Jorgrun

Skill      XL: |  1  2  3  4  5  6  7  8  9 10 11 |
---------------+----------------------------------+-----
Maces & Flails | 3 5 6 7 8 10 11 13 | 13.7
Fighting       | 4 5 6 8 9 10 | 10.4
Armour         | 4 5 6 8 9 10 | 10.5
Shields        | 4 5 7 8 10 11 13 | 13.6

Action                   |  1- 3 |  4- 6 |  7- 9 | 10-12 || total
-------------------------+-------+-------+-------+-------++-------
Melee: Flail             |    85 |   103 |   544 |   455 ||  1187
       Headbutt          |    10 |    19 |   106 |   158 ||   293
       Morningstar       |       |       |       |   318 ||   318
Throw: Tomahawk          |       |     2 |     3 |     4 ||     9
Invok: Berserk           |       |       |     7 |     5 ||    12
       Brothers in Arms  |       |       |       |     1 ||     1
Evoke: Wand              |       |       |       |    19 ||    19
  Use: Scroll            |       |     5 |     6 |     6 ||    17
       Potion            |       |       |       |     3 ||     3
 Stab: Distracted        |       |       |       |     1 ||     1
  Eat: Chunk             |     1 |     7 |    19 |    25 ||    52
       Ration            |       |       |     1 |     2 ||     3
Armor: Scale mail        |    33 |    24 |    39 |       ||    96
       Plate armour      |       |       |    80 |   165 ||   245
       Ring mail         |       |       |       |     7 ||     7
Dodge: Dodged            |    29 |    13 |    54 |    54 ||   150
Block: Shield            |    46 |    36 |       |       ||    82
       Large shield      |       |     9 |   451 |   568 ||  1028
